[Event "ICC tourney 2626 (40 10)"]
[Site "Internet Chess Club"]
[Date "2021.07.10"]
[Round "3"]
[White "Belous, Vladimir:Openyagami"]
[Black "Chen, Henry:Bluebird1222"]
[Result "1-0"]
[ICCResult "Black checkmated"]
[WhiteElo "2598"]
[BlackElo "1681"]
[Opening "QGD Slav: 4.e3"]
[ECO "D11"]
[NIC "EO.64"]
[Time "15:31:32"]
[TimeControl "2400+10"]

1. c4 c6 2. Nf3 Nf6 3. d4 d5 4. e3 e6 5. Bd3 Nbd7 6. O-O dxc4 7. Bxc4 Bd6 8.
Nc3 b5 9. Be2 a6 10. e4 e5 11. dxe5 Nxe5 12. Nd4 c5 13. Ndxb5 axb5 14. Bxb5+
Kf8 15. f4 Qe7 16. fxe5 Bxe5 17. Bg5 Bb7 18. Nd5 Bxd5 19. exd5 Rd8 20. Bc4
Qd6 21. Kh1 Bxh2 22. Qe2 Re8 23. Rxf6 Qg3 24. Rxf7+ Kxf7 25. Qh5+ g6 26.
Rf1+ Kg7 27. Qh6+ Kg8 28. d6+ Re6 29. Bxe6# {Black checkmated} 1-0

[Event "ICC tourney 2626 (40 10)"]
[Site "Internet Chess Club"]
[Date "2021.07.10"]
[Round "3"]
[White "Gaw, Chloe:HarleyQueen8"]
[Black "MARKOVIC, GORAN:Goran21"]
[Result "1-0"]
[ICCResult "Black resigns"]
[WhiteElo "1900"]
[BlackElo "1980"]
[Opening "King's Indian: Semi-Averbakh system"]
[ECO "E73"]
[NIC "KI.27"]
[Time "15:31:31"]
[TimeControl "2400+10"]

1. d4 Nf6 2. c4 g6 3. Nc3 Bg7 4. e4 d6 5. Be2 O-O 6. Be3 Na6 7. Nf3 e5 8. d5
Ng4 9. Bd2 f5 10. h3 Nf6 11. Bd3 Nc5 12. Qc2 Nxd3+ 13. Qxd3 fxe4 14. Nxe4
Nxe4 15. Qxe4 Bf5 16. Qe3 h6 17. O-O Qf6 18. Bc3 Bxh3 19. Nxe5 Bxg2 20. Nd7
Qf5 21. Bxg7 Bxf1 22. Nxf8 Bh3 23. Bxh6 Re8 24. Ne6 Qg4+ 25. Qg3 Qh5 26. Ng7
Bg2 27. Nxh5 {Black resigns} 1-0

[Event "ICC tourney 2626 (40 10)"]
[Site "Internet Chess Club"]
[Date "2021.07.10"]
[Round "3"]
[White "CRG, Krishna:crg"]
[Black "CHENG, MICHAEL NY:ningyuan131"]
[Result "1-0"]
[ICCResult "Black resigns"]
[WhiteElo "2577"]
[BlackElo "2069"]
[Opening "QGD Slav: 4.e3 Bf5"]
[ECO "D12"]
[NIC "QP.08"]
[Time "15:31:35"]
[TimeControl "2400+10"]

1. d4 d5 2. Nf3 Nf6 3. c4 c6 4. e3 Bf5 5. cxd5 cxd5 6. Ne5 Nbd7 7. Nc3 e6 8.
g4 Bg6 9. h4 Bd6 10. Nxd7 Nxd7 11. h5 Be4 12. f3 Bg3+ 13. Kd2 O-O 14. fxe4
Rc8 15. exd5 exd5 16. Qf3 Bd6 17. Bd3 Bb4 18. Ke2 {Black resigns} 1-0

[Event "ICC tourney 2626 (40 10)"]
[Site "Internet Chess Club"]
[Date "2021.07.10"]
[Round "3"]
[White "POWER, SEAN K:KnightHopper"]
[Black "GUILLEMETTE, HUGO:Heliosis"]
[Result "1-0"]
[ICCResult "Black resigns"]
[WhiteElo "2021"]
[BlackElo "1886"]
[Opening "Scotch game"]
[ECO "C45"]
[NIC "SO.05"]
[Time "15:31:32"]
[TimeControl "2400+10"]

1. e4 e5 2. Nf3 Nc6 3. d4 exd4 4. Nxd4 Bc5 5. Be3 Qf6 6. c3 Nge7 7. Bc4 Ne5
8. Be2 Qg6 9. O-O d6 10. f4 Qxe4 11. Bf2 N5g6 12. Nd2 Qxf4 13. Nb5 O-O 14.
Bxc5 Qg5 15. Bf2 Bh3 16. Bg3 Nf5 17. Nf3 Qe7 18. gxh3 Ne3 19. Qd2 Nxf1 20.
Rxf1 Rfe8 21. Bd3 Qd7 22. Nbd4 Ne5 23. Bf5 Qe7 24. Bc2 Ng6 25. Ng5 c5 26.
Rxf7 Qe3+ 27. Qxe3 Rxe3 28. Nf5 {Black resigns} 1-0

[Event "ICC tourney 2626 (40 10)"]
[Site "Internet Chess Club"]
[Date "2021.07.10"]
[Round "3"]
[White "YE, STEPHEN:Monkeee"]
[Black "LIU, ETHAN:soggydollar"]
[Result "1-0"]
[ICCResult "Black resigns"]
[WhiteElo "1980"]
[BlackElo "1796"]
[Opening "Dutch defense, Rubinstein variation"]
[ECO "A84"]
[NIC "HD.10"]
[Time "15:31:37"]
[TimeControl "2400+10"]

1. d4 f5 2. c4 e6 3. Nc3 Nf6 4. Nf3 Be7 5. Bf4 O-O 6. e3 d6 7. Be2 Ne8 8. h3
Nc6 9. Qc2 Bf6 10. Rd1 Qe7 11. a3 Nd8 12. b4 c6 13. Bh2 Nf7 14. e4 Nc7 15.
e5 dxe5 16. dxe5 Bg5 17. O-O a5 18. Qb3 Na6 19. Rb1 Rd8 20. Na4 axb4 21. Nb6
Nc5 22. Qxb4 Ra7 23. h4 Bh6 24. Rfd1 Re8 25. Nd4 Kf8 26. Bf3 Ne4 27. Bxe4
fxe4 28. Nxc8 Qxb4 29. axb4 Rxc8 30. Nxe6+ Ke7 31. Nc5 b6 32. Nxe4 Ke6 33.
Nd6 {Black resigns} 1-0

[Event "ICC tourney 2626 (40 10)"]
[Site "Internet Chess Club"]
[Date "2021.07.10"]
[Round "3"]
[White "SHAWKAT, SAIF:saif-shawkat"]
[Black "POTHURI, ABHIRAM SAI:chessasp"]
[Result "1-0"]
[ICCResult "Black checkmated"]
[WhiteElo "2055"]
[BlackElo "1927"]
[Opening "Sicilian: Nimzovich-Rossolimo attack (with ...g6, without ...d6)"]
[ECO "B31"]
[NIC "SI.31"]
[Time "15:31:28"]
[TimeControl "2400+10"]

1. e4 c5 2. Nf3 Nc6 3. Bb5 g6 4. Bxc6 bxc6 5. O-O Bg7 6. Re1 Nf6 7. e5 Nd5
8. c4 Nc7 9. d4 cxd4 10. Qxd4 O-O 11. Qh4 f6 12. Bh6 Ne6 13. Nc3 g5 14. Nxg5
fxg5 15. Bxg5 Nxg5 16. Qxg5 e6 17. Qg3 Qe8 18. Re4 Kh8 19. Rg4 Qf7 20. Re1
Bb7 21. Ne4 Rab8 22. Nd6 Qe7 23. c5 Ba8 24. b3 Bh6 25. Ree4 Rg8 26. Qh4 Bg5
27. Rxg5 Rxg5 28. Qxg5 Qxg5 29. Nf7+ Kg7 30. Nxg5 Kg6 31. Nf3 Rb5 32. Rc4
Bb7 33. Nd4 Ra5 34. a4 h5 35. f4 h4 36. Kf2 Kh5 37. Kf3 Ba6 38. Rc3 Bb7 39.
g4+ hxg3 40. hxg3 Kg6 41. g4 Kf7 42. Ke4 Ke7 43. Rh3 Kd8 44. Rc3 Kc7 45. f5
exf5+ 46. gxf5 Kd8 47. f6 Ke8 48. Nf5 Kf8 49. Nd6 Ba6 50. Rh3 Kg8 51. f7+
Kg7 52. Rg3+ Kh7 53. f8=Q Rxa4+ 54. bxa4 Bd3+ 55. Kxd3 a5 56. Qg7#
{Black checkmated}
1-0

[Event "ICC tourney 2626 (40 10)"]
[Site "Internet Chess Club"]
[Date "2021.07.10"]
[Round "3"]
[White "CHEN, JUSTIN:justinchess"]
[Black "Higgins, Sean M:higg1921"]
[Result "1-0"]
[ICCResult "Black resigns"]
[WhiteElo "2383"]
[BlackElo "1441"]
[Opening "Scandinavian (center counter) defense"]
[ECO "B01"]
[NIC "VO.17"]
[Time "15:31:28"]
[TimeControl "2400+10"]

1. e4 d5 2. exd5 Qxd5 3. Nf3 Nf6 4. Be2 Bf5 5. d4 e6 6. c4 Bb4+ 7. Nbd2 Qd7
8. Ne5 Qxd4 9. Qa4+ Nbd7 10. Nxd7 Bxd2+ 11. Bxd2 Qxd7 12. Qa3 Ne4 13. Bb4 c5
14. Bxc5 Qd2+ 15. Kf1 Nxc5 16. Rd1 Qc2 17. Qxc5 Qxb2 18. Qd6 Bc2 19. Qd7+
Kf8 20. Qd6+ Ke8 21. Qd2 Qxa2 22. Qd7+ Kf8 23. Qd6+ Ke8 24. Qd7+ Kf8 25.
Qxb7 Bxd1 26. Qxa8+ Ke7 27. Qb7+ {Black resigns} 1-0

[Event "ICC tourney 2626 (40 10)"]
[Site "Internet Chess Club"]
[Date "2021.07.10"]
[Round "3"]
[White "LANE, THOMAS COE:tclaneva"]
[Black "ZENG, ELBERT:investigator"]
[Result "0-1"]
[ICCResult "White resigns"]
[WhiteElo "1790"]
[BlackElo "2094"]
[Opening "Pirc defense"]
[ECO "B07"]
[NIC "PU.07"]
[Time "15:31:23"]
[TimeControl "2400+10"]

1. e4 d6 2. d4 Nf6 3. Nc3 g6 4. Be3 a6 5. f3 b5 6. a3 Nbd7 7. Qd2 Bb7 8. Bh6
c5 9. Bxf8 Nxf8 10. Nge2 Ne6 11. d5 Nc7 12. Ng3 e6 13. dxe6 fxe6 14. O-O-O
d5 15. exd5 exd5 16. Re1+ Kf7 17. Qf4 Ne6 18. Qe5 Re8 19. Bd3 c4 20. Be2 Nd7
21. Qd6 a5 22. Nge4 dxe4 23. fxe4 Ra6 24. Qg3 Qg5+ 25. Qxg5 Nxg5 26. Nxb5
Rxe4 27. Rd1 Ke7 28. Rhe1 Rae6 29. Nc3 R4e5 30. h4 Nf7 {White resigns} 0-1

[Event "ICC tourney 2626 (40 10)"]
[Site "Internet Chess Club"]
[Date "2021.07.10"]
[Round "3"]
[White "CHUBAKOV, SULTAN:schubakov"]
[Black "Volkov, Sergey:Volkov"]
[Result "0-1"]
[ICCResult "White resigns"]
[WhiteElo "2100"]
[BlackElo "2607"]
[Opening "QGD Slav defense: exchange variation"]
[ECO "D13"]
[NIC "SL.01"]
[Time "15:31:20"]
[TimeControl "2400+10"]

1. d4 d5 2. c4 c6 3. cxd5 cxd5 4. Nf3 Nc6 5. Nc3 Nf6 6. Bf4 Nh5 7. Bd2 g6 8.
e3 Bg7 9. Be2 O-O 10. O-O Nf6 11. Ne1 e5 12. dxe5 Nxe5 13. Nf3 Nc4 14. Bxc4
dxc4 15. Nd4 Ng4 16. h3 Ne5 17. Nce2 b6 18. Bc3 Bb7 19. f4 Qd5 20. Nf3 Nxf3+
21. gxf3 Qe6 22. Qd2 Rad8 23. Nd4 Qxh3 24. Qg2 Qh5 25. Rad1 Rfe8 26. e4 Qc5
27. Qf2 Rd7 28. Ne2 Qxf2+ 29. Kxf2 Red8 30. Rxd7 Rxd7 31. e5 Rd3 32. Ng1 Bf8
33. Ke2 Bc5 34. Nh3 Re3+ 35. Kd2 Rxf3 36. Rxf3 Bxf3 37. Ng5 Bd5 38. Ke2 h6
{White resigns}
0-1

[Event "ICC tourney 2626 (40 10)"]
[Site "Internet Chess Club"]
[Date "2021.07.10"]
[Round "3"]
[White "GUTLA, ARYAN:Aryangambit"]
[Black "HEBDEN, MARK L:mhebden"]
[Result "1/2-1/2"]
[ICCResult "Game drawn by mutual agreement"]
[WhiteElo "2070"]
[BlackElo "2503"]
[Opening "Two knights defense (Modern bishop's opening)"]
[ECO "C55"]
[NIC "IG.01"]
[Time "15:31:20"]
[TimeControl "2400+10"]

1. e4 e5 2. Nf3 Nc6 3. Bc4 Nf6 4. d3 Be7 5. O-O O-O 6. c3 d6 7. Nbd2 Na5 8.
Bb5 a6 9. Ba4 b5 10. Bc2 c5 11. Re1 Re8 12. Nf1 h6 13. d4 Qc7 14. Ne3 Bf8
15. d5 c4 16. b4 cxb3 17. axb3 Ng4 18. Nxg4 Bxg4 19. h3 Bd7 20. Bd2 Nb7 21.
b4 a5 22. Bd3 Reb8 23. Qe2 Nd8 24. Rec1 a4 25. Be3 Qb7 26. Nd2 Be7 27. c4
bxc4 28. Nxc4 Bg5 29. Nxd6 Qxb4 30. Nc4 Bxe3 31. Qxe3 f6 32. Rab1 Qe7 33. d6
Qf8 34. Nb6 Qxd6 35. Nxa8 Rxa8 36. Bc4+ Kh7 37. Bd5 Rb8 38. Rxb8 Qxb8 39.
Qc5 Ne6 40. Qe7 Nf4 41. Kh2 Qb5 42. Bf7 h5 43. Qf8 Ng6 44. Qg8+ Kh6 45. Rc3
h4 46. Rf3 Qc6 47. Rf5 Bxf5 48. exf5 Qc1 {Game drawn by mutual agreement}
1/2-1/2

[Event "ICC tourney 2626 (40 10)"]
[Site "Internet Chess Club"]
[Date "2021.07.10"]
[Round "3"]
[White "MAHESHWARI, JAYANT:cooljay"]
[Black "LIU, PATRICK PEIJUN:JunlinTheWorld"]
[Result "0-1"]
[ICCResult "White resigns"]
[WhiteElo "1977"]
[BlackElo "1851"]
[Opening "Sicilian: accelerated fianchetto, Maróczy bind"]
[ECO "B36"]
[NIC "SI.33"]
[Time "15:31:36"]
[TimeControl "2400+10"]

1. e4 c5 2. Nf3 Nc6 3. d4 cxd4 4. Nxd4 g6 5. c4 Nf6 6. Nc3 d6 7. Be2 Nxd4 8.
Qxd4 Bg7 9. Be3 O-O 10. Qd2 Be6 11. Rc1 Rc8 12. b3 a6 13. O-O Qa5 14. f4 b5
15. f5 Bd7 16. Bh6 Bxh6 17. Qxh6 bxc4 18. Bxc4 Qb6+ 19. Kh1 Ng4 20. Qh4 Ne3
21. fxg6 hxg6 22. Qxe7 Nxf1 23. Rxf1 Be6 24. Nd5 Bxd5 25. Bxd5 Qf2 26. Rg1
Qf4 27. Qb7 Rc1 28. Qxa6 Qe3 29. Rf1 Rfc8 30. Bxf7+ Kg7 31. Bc4 R8xc4
{White resigns}
0-1

[Event "ICC tourney 2626 (40 10)"]
[Site "Internet Chess Club"]
[Date "2021.07.10"]
[Round "3"]
[White "YERRA, SAI SNEHA:saisneha"]
[Black "Kousen, Kenneth A:kenkousen"]
[Result "1-0"]
[ICCResult "Black resigns"]
[WhiteElo "1950"]
[BlackElo "1479"]
[Opening "QGD: exchange variation"]
[ECO "D35"]
[NIC "QO.16"]
[Time "15:31:36"]
[TimeControl "2400+10"]

1. d4 d5 2. c4 e6 3. Nc3 Nf6 4. cxd5 Nxd5 5. e4 Nxc3 6. bxc3 c5 7. Nf3 a6 8.
Be2 Nc6 9. O-O Be7 10. Rb1 O-O 11. Be3 Qa5 12. Qb3 cxd4 13. cxd4 Rd8 14.
Rfd1 b5 15. d5 exd5 16. exd5 Nb4 17. a3 Nxd5 18. Rxd5 Be6 19. Rxd8+ Rxd8 20.
Qc2 Qxa3 21. Nd4 Rc8 22. Qe4 Bc4 23. Nf5 Bf8 24. Qg4 Be6 25. Nh6+ Kh8 26.
Nxf7+ Bxf7 27. Qxc8 Kg8 28. Rd1 Bb3 29. Rd8 Bc4 30. Bc5 Qc1+ 31. Bd1
{Black resigns}
1-0

[Event "ICC tourney 2626 (40 10)"]
[Site "Internet Chess Club"]
[Date "2021.07.10"]
[Round "3"]
[White "CHENG, Claire:Clairehouses"]
[Black "TURCOTTE,JONATHAN:JonnyTurgi"]
[Result "1/2-1/2"]
[ICCResult "Game drawn by repetition"]
[WhiteElo "1811"]
[BlackElo "2091"]
[Opening "QGD semi-Slav"]
[ECO "D43"]
[NIC "SL.03"]
[Time "15:31:20"]
[TimeControl "2400+10"]

1. d4 d5 2. c4 c6 3. Nf3 Nf6 4. Nc3 e6 5. Bg5 h6 6. Bh4 dxc4 7. e4 g5 8. Bg3
b5 9. Be2 Bb7 10. O-O Nbd7 11. Qc2 Be7 12. h3 O-O 13. e5 Nd5 14. b3 cxb3 15.
axb3 a6 16. Ne4 c5 17. Qd2 cxd4 18. Qxd4 Qb6 19. Qxb6 N5xb6 20. Nd6 Bxd6 21.
exd6 f5 22. Bh2 f4 23. h4 Nd5 24. hxg5 Nc3 25. Rfe1 Nxe2+ 26. Rxe2 Bxf3 27.
gxf3 hxg5 28. Rxe6 Rf6 29. Rae1 Rxe6 30. Rxe6 Nf8 31. Re5 Nh7 32. Re7 a5 33.
d7 Nf6 34. Re5 a4 35. bxa4 bxa4 36. Rxg5+ Kf7 37. Bxf4 Nxd7 38. Rd5 Ke6 39.
Rd6+ Ke7 40. Rd3 a3 41. Bd6+ Ke6 42. Rxa3 Rxa3 43. Bxa3 Kf5 44. Kg2 Ne5 45.
Kg3 Nc4 46. Bb4 Nb6 47. Bd2 Nc4 48. Be3 Nd6 49. Kg2 Nc4 50. Kf1 Ne5 51. Ke2
Ng6 52. Kd2 Nh4 53. Ke2 Ng6 54. Kd2 Nh4 55. Ke2 Ng6 56. Kd2 Nh4
{Game drawn by repetition}
1/2-1/2

[Event "ICC tourney 2626 (40 10)"]
[Site "Internet Chess Club"]
[Date "2021.07.10"]
[Round "3"]
[White "Chakrabarti, Brejesh:Kochi222"]
[Black "SAMADASHVILI, MARTHA:ponytailchess"]
[Result "1-0"]
[ICCResult "Black resigns"]
[WhiteElo "2066"]
[BlackElo "2312"]
[Opening "Réti: King's Indian attack, French variation"]
[ECO "B40"]
[NIC "SI.43"]
[Time "15:31:35"]
[TimeControl "2400+10"]

1. e4 c5 2. Nf3 e6 3. d3 Nc6 4. Nbd2 d5 5. g3 Nf6 6. Bg2 Be7 7. O-O O-O 8.
Re1 b6 9. e5 Ne8 10. Nf1 Nc7 11. h4 h6 12. Bf4 a5 13. h5 Bb7 14. N1h2 Nb5
15. c3 a4 16. Ng4 Kh7 17. d4 c4 18. Qc2+ Kg8 19. a3 Nb8 20. Qd2 Nc7 21. Bf1
Nd7 22. Be2 f5 23. exf6 Nxf6 24. Nfe5 Ne4 25. Qc2 Bg5 26. Ng6 Re8 27. Be5
Nb5 28. Kg2 Bc6 29. f3 Ned6 30. f4 Be7 31. Nxe7+ Rxe7 32. Qg6 Kf8 33. Bd1
Nf5 34. Bc2 Bd7 35. Qh7 Rf7 36. Bxf5 Rxf5 37. Qxg7+ Ke8 38. Nf6+ {Black
resigns} 1-0

[Event "ICC tourney 2626 (40 10)"]
[Site "Internet Chess Club"]
[Date "2021.07.10"]
[Round "3"]
[White "TRANDAFIR, STEFAN:trandaferrari"]
[Black "LI, EDWARD:ScoutViolet"]
[Result "0-1"]
[ICCResult "White resigns"]
[WhiteElo "1951"]
[BlackElo "1607"]
[Opening "Ruy Lopez: Noah's ark trap"]
[ECO "C71"]
[NIC "RL.10"]
[Time "15:31:28"]
[TimeControl "2400+10"]

1. e4 e5 2. Nf3 Nc6 3. Bb5 a6 4. Ba4 d6 5. d4 b5 6. Bb3 Nxd4 7. Nxd4 exd4 8.
Qxd4 c5 9. Qd5 Be6 10. Qc6+ Bd7 11. Qd5 c4 12. O-O Nf6 13. Qd4 cxb3 14. Nc3
bxc2 15. e5 dxe5 16. Qxe5+ Be6 17. Bg5 Bd6 18. Qe2 O-O 19. Qxc2 Bxh2+ 20.
Kh1 Be5 21. Rfe1 Qc7 22. Qe2 Bxc3 23. bxc3 Qxc3 24. Rac1 Qd4 25. Be3 Qh4+
26. Kg1 Ng4 27. Bf4 Bc4 28. Qb2 f5 29. Rcd1 Rf7 30. Rd4 g5 31. Bg3 Qh6 32.
f4 gxf4 33. Bxf4 Qb6 34. Kh1 Rf6 35. Qd2 Raf8 36. Re7 Re6 37. Rd6 Rxd6 38.
Bxd6 Nf2+ 39. Kh2 Ng4+ 40. Kh3 h6 41. Qc3 Bf7 42. Bc5 Qg6 43. Ba3 f4 44. g3
Qh5+ {White resigns} 0-1

[Event "ICC tourney 2626 (40 10)"]
[Site "Internet Chess Club"]
[Date "2021.07.10"]
[Round "3"]
[White "PRIYADARSHI, VED:ved2006"]
[Black "BOSE, SIDDHARTH:siddharthbose"]
[Result "1-0"]
[ICCResult "Black forfeits on time"]
[WhiteElo "1706"]
[BlackElo "1409"]
[Opening "Queen's pawn: Yusupov-Rubinstein system"]
[ECO "A46"]
[NIC "QP.06"]
[Time "15:31:25"]
[TimeControl "2400+10"]

1. d4 Nf6 2. Nf3 e6 3. e3 Be7 4. Bd3 d5 5. c4 O-O 6. Nc3 b6 7. O-O Bb7 8. b3
Nbd7 9. Bb2 c5 10. Ne5 a6 11. f4 Ne8 12. Bc2 cxd4 13. exd4 f5 14. Qe2 Ndf6
15. Rac1 Nc7 16. a3 dxc4 17. Qxc4 Nfd5 18. Nxd5 Nxd5 19. Qe2 Nf6 20. Bd3 b5
21. Nc6 Qd7 22. Nxe7+ Qxe7 23. Bxf5 Rae8 24. Bd3 Nd5 25. Qe5 Rc8 26. Rxc8
Rxc8 27. Be4 Rd8 28. Re1 Qf7 29. f5 exf5 30. Bxf5 Bc8 31. Be6 Bxe6 32. Qxe6
Qxe6 33. Rxe6 Nc7 34. Rc6 Rd7 35. Kf2 Kf7 36. Ke3 g6 37. g4 Ke7 38. Kf4 Kf7
39. h4 h6 40. h5 g5+ 41. Ke4 Kg7 42. d5+ Kh7 43. d6 {Black forfeits on time}
1-0

[Event "ICC tourney 2626 (40 10)"]
[Site "Internet Chess Club"]
[Date "2021.07.10"]
[Round "3"]
[White "ZHANG, MULAN JIEMIN:Mulan2009"]
[Black "REVESZ, GREGORY:GRevesz"]
[Result "0-1"]
[ICCResult "White resigns"]
[WhiteElo "1627"]
[BlackElo "1979"]
[Opening "Robatsch (modern) defense"]
[ECO "B06"]
[NIC "KF.05"]
[Time "15:31:30"]
[TimeControl "2400+10"]

1. e4 g6 2. d4 Bg7 3. Nf3 c5 4. Nc3 Qa5 5. Be3 Nf6 6. Qd2 cxd4 7. Nxd4 Nc6
8. O-O-O a6 9. f3 b5 10. Nb3 Qd8 11. g4 b4 12. Na4 Rb8 13. Be2 d6 14. g5 Nh5
15. f4 Bd7 16. Bxh5 gxh5 17. Qf2 O-O 18. Nb6 Bg4 19. Rdg1 a5 20. f5 Ne5 21.
Nd2 Qc7 22. Kb1 Rfc8 23. Nxc8 Rxc8 24. Rc1 a4 25. h3 a3 26. b3 Bf3 27. Rhg1
Ng4 28. Qxf3 Nh2 29. Qg3 Qc3 30. Bd4 Qxd4 31. c3 bxc3 32. f6 Rc5 33. Nc4
Rxc4 34. bxc4 Qb6+ 35. Kc2 Qb2+ {White resigns} 0-1

[Event "ICC tourney 2626 (40 10)"]
[Site "Internet Chess Club"]
[Date "2021.07.10"]
[Round "3"]
[White "XIE, YULE:OctopusYule"]
[Black "FILIPOVICH, DAVID MICHAEL:dmfcan"]
[Result "1/2-1/2"]
[ICCResult "Game drawn by mutual agreement"]
[WhiteElo "1845"]
[BlackElo "2150"]
[Opening "Caro-Kann: Gurgenidze system"]
[ECO "B15"]
[NIC "CK.05"]
[Time "15:31:29"]
[TimeControl "2400+10"]

1. e4 c6 2. d4 d5 3. Nc3 g6 4. Nf3 Bg7 5. h3 Nf6 6. e5 Ne4 7. Nxe4 dxe4 8.
Ng5 c5 9. dxc5 Qa5+ 10. Bd2 Qxc5 11. Bc3 Bxe5 12. Bxe5 Qxe5 13. Qd8+ Kxd8
14. Nxf7+ Kc7 15. Nxe5 Rf8 16. Bc4 Rf5 17. Ng4 b5 18. Bb3 Bb7 19. Ne3 Re5
20. O-O Nd7 21. Rfd1 Nf6 22. Rac1 Rd8 23. Rxd8 Kxd8 24. Rd1+ Kc7 25. a4 a6
26. axb5 axb5 27. Rd4 Rc5 28. Rd1 Bc6 29. c3 Bb7 30. Nc2 Bd5 31. Bxd5 Nxd5
32. Re1 b4 33. Nd4 Kd7 34. Nb3 Rc8 35. cxb4 Nxb4 36. Rxe4 Nd5 37. Nd4 Rb8
38. b3 Rb4 39. Rh4 g5 40. Re4 e5 41. Rxe5 Rxd4 42. Rxg5 Ke6
{Game drawn by mutual agreement}
1/2-1/2

[Event "ICC tourney 2626 (40 10)"]
[Site "Internet Chess Club"]
[Date "2021.07.10"]
[Round "3"]
[White "MAR, RACHAEL YUNXI:KittiesRock18"]
[Black "HU, ALEXANDER C:ahu1015"]
[Result "1/2-1/2"]
[ICCResult "Game drawn by mutual agreement"]
[WhiteElo "1935"]
[BlackElo "2024"]
[Opening "Sicilian: dragon, 6.Be3"]
[ECO "B72"]
[NIC "SI.16"]
[Time "15:31:26"]
[TimeControl "2400+10"]

1. e4 c5 2. Nf3 d6 3. d4 cxd4 4. Nxd4 Nf6 5. Nc3 g6 6. Be3 Bg7 7. Bc4 a6 8.
a4 O-O 9. O-O Nxe4 10. Nxe4 d5 11. Bxd5 Qxd5 12. Nc3 Qd6 13. Re1 Nc6 14.
Nxc6 Qxc6 15. Bg5 e5 16. Nd5 Kh8 17. Nb4 Qc4 18. c3 f6 19. Be3 Be6 20. Qe2
b5 21. axb5 axb5 22. Rxa8 Rxa8 23. Qf3 e4 24. Qd1 Qb3 25. Qd4 f5 26. Qd2 Qc4
27. Bf4 Bf6 28. Bg5 Bxg5 29. Qxg5 Kg7 30. Qe7+ Bf7 31. Qe5+ Kg8 32. Qf4 Rd8
33. g3 Be6 34. h4 Qb3 35. Nc6 Rd1 36. Rxd1 Qxd1+ 37. Kh2 Qf3 38. Qxf3 exf3
39. Kh3 Bc4 40. g4 {Game drawn by mutual agreement} 1/2-1/2

[Event "ICC tourney 2626 (40 10)"]
[Site "Internet Chess Club"]
[Date "2021.07.10"]
[Round "3"]
[White "Kulkarni, Tanush:TeeKay2020"]
[Black "LIANG, ETHAN Y:ELCCEthan488"]
[Result "0-1"]
[ICCResult "White resigns"]
[WhiteElo "1765"]
[BlackElo "1842"]
[Opening "Sicilian: Pelikan, Chelyabinsk variation"]
[ECO "B33"]
[NIC "SI.37"]
[Time "15:31:19"]
[TimeControl "2400+10"]

1. e4 c5 2. Nf3 Nc6 3. d4 cxd4 4. Nxd4 Nf6 5. Nc3 e5 6. Ndb5 d6 7. Bg5 a6 8.
Na3 b5 9. Nd5 Be7 10. Bxf6 Bxf6 11. c3 O-O 12. Be2 Bg5 13. O-O Kh8 14. Bf3
Ne7 15. Nc2 Nxd5 16. Qxd5 Be6 17. Qd1 Qb6 18. Nb4 a5 19. Nd5 Qc6 20. Qd3
Bxd5 21. exd5 Qc5 22. Be2 Rab8 23. b3 Rfc8 24. Qf5 f6 25. c4 g6 26. Qg4 b4
27. h4 Bh6 28. h5 Rg8 29. Qh4 f5 30. Qf6+ Bg7 31. Qg5 e4 32. Rad1 Be5 33.
hxg6 Rxg6 34. Qxf5 Rbg8 35. Qxe4 Rxg2+ 36. Qxg2 Rxg2+ 37. Kxg2 Qc8 38. Rh1
Qf5 39. Rd3 Qe4+ 40. Rf3 Qxe2 41. Rh5 Qxa2 42. Rg5 Bg7 43. Rfg3 Qa1 44. c5
dxc5 45. d6 Qd4 46. Rxg7 Qd5+ 47. Kh2 Qh5+ 48. Kg2 Qd5+ 49. f3 Qd2+ 50. Kg1
Qe1+ 51. Kh2 Qe2+ 52. Rg2 Qe5+ 53. R7g3 Qxd6 54. Kg1 Qd1+ 55. Kh2 Qxb3 56.
Rg7 Qe6 57. Ra7 Qe5+ 58. Kh1 Qe1+ 59. Kh2 Qh4+ 60. Kg1 Qd4+ 61. Kh2 Qd6+ 62.
Kg1 Qf8 63. Rxa5 c4 64. Rb5 c3 65. f4 Qc8 66. Rxb4 c2 67. Rxc2 Qxc2 68. Rb8+
Kg7 69. Rb7+ Kh6 70. Rb6+ Kh5 71. Rb5+ Kg4 72. Rb7 Qd1+ 73. Kh2 Qe2+ 74. Kg1
h5 75. Rg7+ Kh3 {White resigns} 0-1

[Event "ICC tourney 2626 (40 10)"]
[Site "Internet Chess Club"]
[Date "2021.07.10"]
[Round "3"]
[White "FAULKS, ANTHONY:BlackKnight8020"]
[Black "Bian, Erin:funpawn"]
[Result "1/2-1/2"]
[ICCResult "Game drawn by mutual agreement"]
[WhiteElo "1967"]
[BlackElo "1840"]
[Opening "Queen's pawn: London system"]
[ECO "A45"]
[NIC "QP.07"]
[Time "15:31:24"]
[TimeControl "2400+10"]

1. d4 Nf6 2. Bf4 e6 3. e3 c5 4. c3 Nc6 5. Bd3 d5 6. Nd2 Bd6 7. Bxd6 Qxd6 8.
f4 Bd7 9. Ngf3 cxd4 10. cxd4 Nb4 11. Bb1 Bb5 12. Qb3 Ba6 13. a3 Nc6 14. Ne5
O-O 15. h3 Nd7 16. Ndf3 Ndxe5 17. fxe5 Qd8 18. Qc2 g6 19. h4 Qa5+ 20. Qc3
Qxc3+ 21. bxc3 Bc4 22. h5 Kg7 23. Nd2 Na5 24. Nxc4 Nxc4 25. e4 Rac8 26. hxg6
hxg6 27. Rh3 Rh8 28. exd5 exd5 29. Bd3 Rxh3 30. gxh3 b5 31. Bxc4 bxc4 32.
Rb1 Rh8 33. Rb5 Rxh3 34. Kd2 g5 35. Rxd5 g4 36. e6 fxe6 37. Rg5+ Kf6 38.
Rxg4 Rh2+ 39. Ke3 Ra2 40. d5 exd5 41. Kd4 Rd2+ 42. Kc5 Rd3 43. a4 a5 44. Rh4
Ke5 45. Rh8 Ke4 46. Re8+ Kf3 47. Re6 Rxc3 48. Kxd5 Rc1 49. Kd4 c3 50. Kd3
Ra1 51. Kxc3 Rxa4 52. Kb2 Kf4 53. Re8 Kf5 54. Re7 Kf6 55. Re8 Kf7 56. Re5
Kf6 57. Re8 {Game drawn by mutual agreement} 1/2-1/2

[Event "ICC tourney 2626 (40 10)"]
[Site "Internet Chess Club"]
[Date "2021.07.10"]
[Round "3"]
[White "Gagliano, Ethan A:Percy101"]
[Black "MOERLIEN, PUWIT SKY:SuperBlueSky"]
[Result "1-0"]
[ICCResult "Black checkmated"]
[WhiteElo "1823"]
[BlackElo "1652"]
[Opening "Ruy Lopez: Marshall counter-attack"]
[ECO "C89"]
[NIC "RL.17"]
[Time "15:31:28"]
[TimeControl "2400+10"]

1. e4 e5 2. Nf3 Nc6 3. Bb5 a6 4. Ba4 Nf6 5. O-O b5 6. Bb3 Be7 7. Re1 O-O 8.
c3 d5 9. exd5 Nxd5 10. d4 exd4 11. Nxd4 Nxd4 12. cxd4 c6 13. Nc3 Nxc3 14.
bxc3 Bd6 15. Qh5 Qf6 16. Bg5 Qg6 17. Qxg6 hxg6 18. Be7 Bxe7 19. Rxe7 Bf5 20.
Rae1 a5 21. h3 a4 22. Bd1 Be6 23. a3 Rfe8 24. Rxe8+ Rxe8 25. Bg4 Bd7 26.
Rxe8+ Bxe8 27. Kf1 Kf8 28. Ke2 Ke7 29. Kd3 Kd6 30. h4 f5 31. Bf3 Bf7 32. g3
Ba2 33. Ke3 Bf7 34. Be2 Bd5 35. Kf4 Bf7 36. Kg5 Kd5 37. h5 gxh5 38. Kxf5 Be8
39. Bd3 Bf7 40. Be4+ Kd6 41. f4 Be8 42. Kg5 c5 43. dxc5+ Kxc5 44. Bd3 Kd6
45. Bg6 Bc6 46. Bxh5 Kc5 47. Be2 Be4 48. f5 b4 49. cxb4+ Kd4 50. Bd1 Kc3 51.
Bxa4 Kb2 52. Bd7 Kxa3 53. b5 Kb4 54. Kg6 Kc5 55. Kxg7 Bd5 56. Be6 Bf3 57. f6
Kd6 58. f7 Bh5 59. f8=Q+ Ke5 60. Qf5+ Kd6 61. Qxh5 Ke7 62. Qf7+ Kd6 63. Bd5
Kc5 64. Ba2 Kb6 65. Qd5 Kc7 66. Kf7 Kb6 67. Ke7 Kc7 68. Qc6+ Kb8 69. Qd7 Ka8
70. Bd5+ Kb8 71. Qb7# {Black checkmated} 1-0

[Event "ICC tourney 2626 (40 10)"]
[Site "Internet Chess Club"]
[Date "2021.07.10"]
[Round "4"]
[White "TURCOTTE,JONATHAN:JonnyTurgi"]
[Black "PRIYADARSHI, VED:ved2006"]
[Result "1-0"]
[ICCResult "Black resigns"]
[WhiteElo "2091"]
[BlackElo "1706"]
[Opening "QGD Slav: 4.Nc3"]
[ECO "D15"]
[NIC "SL.03"]
[Time "17:46:11"]
[TimeControl "2400+10"]

1. d4 d5 2. c4 c6 3. Nf3 Nf6 4. Nc3 Bf5 5. Qb3 Qb6 6. c5 Qxb3 7. axb3 e6 8.
b4 Nbd7 9. b5 Be7 10. bxc6 bxc6 11. Bf4 O-O 12. b4 Ne4 13. Nxe4 Bxe4 14. e3
Rfc8 15. Ba6 Rf8 16. Bb7 Rad8 17. Bc7 Rde8 18. Rxa7 Nb8 19. O-O Bd3 20. Rfa1
Bb5 21. Ne5 f6 22. Bxb8 Rxb8 23. Nd7 {Black resigns} 1-0